 Dungeon Crawl Stone Soup version 0.31-a0-662-g684573625c (webtiles) character file.

Game seed: 10621584966705752760

94 AdnanSaban the Covered (level 4, -1/29 HPs)
             Began as a Gargoyle Fighter on Sept 1, 2023.
             Killed from afar by an orc wizard (6 damage)
             ... with a puff of flame
             ... on level 2 of the Dungeon.
             The game lasted 00:02:05 (1418 turns).

AdnanSaban the Covered (Gargoyle Fighter)           Turns: 1418, Time: 00:02:06

Health: -1/29      AC: 15    Str: 22    XL:     4   Next: 63%
Magic:  4/4        EV:  9    Int:  8    God:
Gold:   83         SH:  0    Dex:  9    Spells: 3/3 levels left

rFire   . . .        a - +0 flail
rCold   . . .        c - +0 buckler
rNeg    + . .        b - +0 scale mail
rPois   ∞            g - +2 hat
rElec   +            n - +0 cloak
rCorr   .            (no gloves)
SInv    .            u - +0 pair of boots
Will    .....        (no amulet) Stlth
                     (no ring)
HPRegen 0.24/turn    (no ring)
MPRegen 0.09/turn

%: no passive effects
@: confused
A: sickness immunity, AC +3, negative energy resistance 1, electricity
resistance, torment resistance 1, petrification resistance
a: no special abilities


You were on level 2 of the Dungeon.
You visited 1 branch of the dungeon, and saw 3 of its levels.

You collected 83 gold pieces.

Inventory:

Hand Weapons
 a - a +0 flail (weapon)
Missiles
 t - 3 boomerangs
Armour
 b - a +0 scale mail (worn)
 c - a +0 buckler (worn)
 g - a +2 hat (worn)
 n - a +0 cloak (worn)
 u - a +0 pair of boots (worn)
Scrolls
 e - 2 scrolls of vulnerability {unknown}
 j - a scroll of teleportation {unknown}
 k - a scroll of butterflies {unknown}
 m - 2 scrolls of identify {unknown}
 o - a scroll of immolation {unknown}
 p - a scroll of fear {unknown}
 r - a scroll of noise {unknown}
 s - a scroll of revelation {unknown}
Potions
 d - a potion of might
 f - 2 potions of curing {unknown}
 h - 3 potions of berserk rage {unknown}
 i - 2 potions of degeneration {unknown}
 l - a potion of resistance {unknown}
 q - a potion of ambrosia {unknown}


   Skills:
 + Level 3.8 Fighting
 + Level 2.9 Maces & Flails
 + Level 4.1 Armour
 + Level 0.7 Dodging
 + Level 0.3 Stealth
 + Level 3.7 Shields


You had 3 spell levels left.
You didn't know any spells.
Your spell library contained the following spells:

 Spells                   Type           Power      Damage    Failure   Level
 Necrotise                Necr           0%         1d4       80%         1
 Vampiric Draining        Necr           0%         2d6       99%         3
 Summon Ice Beast         Ice/Summ       0%         N/A       100%        4
 Agony                    Necr           0%         N/A       100%        5
 Summon Mana Viper        Hex/Summ       0%         N/A       100%        5
 Monstrous Menagerie      Summ           0%         N/A       100%        7


Dungeon Overview and Level Annotations

Branches:
Dungeon (3/15)

Altars:

Shops:
D:2 ?


Innate Abilities, Weirdness & Mutations

You are immune to sickness and miasma.
Your stone body is resilient. (AC +3)
You are immune to poison.
You resist negative energy. (rN+)
You are resistant to electric shocks. (rElec)
You are resistant to unholy torment.
You are immune to petrification.


Message History

You miss the orc. Something hits you but does no damage.
The orc hits you but does no damage. Something hits you but does no damage.
The orc hits you but does no damage.
You hit the orc.
The orc is almost dead.
You feel less confused. Something hits you but does no damage.
The orc hits you but does no damage.
You sock the orc!
You kill the orc!
Something hits you but does no damage.
You hear some strange, mumbled words.
You are confused.
There is an escape hatch in the ceiling here.
Things that are here:
a +1 short sword of draining; a boomerang; an orc corpse Something hits you but does no damage.
You miss something.
You hear some strange, mumbled words.
You are more confused.
You hear some strange, mumbled words.
A puff of flame appears from out of thin air!
The puff of flame hits you. Something hits you but does no damage.
You barely miss something. Something hits you.
You hear some strange, mumbled words.
You are more confused.
You're too confused to move!
Something hits you.
You barely miss something. Something hits you but does no damage.
Something hits you but does no damage.
You bump into the rock wall.
You hear some strange, mumbled words.
A puff of flame appears from out of thin air!
The puff of flame hits you!
* * * LOW HITPOINT WARNING * * *
You bump into the rock wall.
Something hits you but does no damage.
You completely miss something.
You hear some strange, mumbled words.
A puff of flame appears from out of thin air!
The puff of flame hits you.
You die...

#...# #.## ##..## #.#
####...#######.#
#....#.#.......#
#####)###....#######
##...>)##...###
#######..#..<##.#..#
#...#...##..{...##.######
#...#.####.@............####
#.....# #########....#.....
#.....#### ####.######
#####....#### #....###
####.##.# ####.... #.##.#
####. #..#.##### ##
#........# #...†....#


There were no monsters in sight!

Vanquished Creatures
  An orc wizard (D:2)
  A gnoll (D:1)
  2 adders (D:2)
  A dart slug (D:1)
  2 orcs (D:2)
  2 endoplasms
  A giant cockroach (D:2)
  8 hobgoblins
  3 quokkas
  A ball python (D:1)
  5 bats
  3 frilled lizards
  4 kobolds
  5 rats
39 creatures vanquished.

Notes
Turn   | Place    | Note
-------+----------+-------------------------------------------
     0 | D:1      | AdnanSaban the Gargoyle Fighter began the quest for the
                  | Orb.
     0 | D:1      | Reached XP level 1. HP: 14/14 MP: 1/1
   105 | D:1      | Reached XP level 2. HP: 19/19 MP: 2/2
   330 | D:1      | Reached XP level 3. HP: 23/23 MP: 3/3
   674 | D:2      | Found Puirac's Magic Scroll Boutique.
   867 | D:2      | Reached XP level 4. HP: 27/29 MP: 4/4
  1248 | D:2      | Reached skill level 4 in Armour
  1418 | D:2      | Killed from afar by an orc wizard

Illustrated notes

Levels and vault maps discovered:
D:1:      dpeg_arrival_castle, layout_rooms, minmay_cupped
D:2:      layout_rooms, serial_shops, nicolae_shop_tiny_glass
D:3:      layout_rooms, shapermc_ecumenical_altar_notcrosses, dk_vineyard_3,
          roderic_batcave, minmay_circle_x, uniq_crazy_yiuf_cottage,
          uniq_jessica

Skill      XL: |  1  2  3  4 |
---------------+-------------+-----
Armour         | 4 |  4.1
Fighting       | |  3.8
Maces & Flails | |  2.9
Dodging        | |  0.7
Stealth        | |  0.3
Shields        | |  3.7

Action                     |  1- 3 |  4- 6 || total
---------------------------+-------+-------++-------
  Melee: Flail             |   113 |    52 ||   165
 Armour: Scale mail        |   106 |    94 ||   200
  Dodge: Dodged            |    83 |    24 ||   107
  Block: Buckler           |    34 |    11 ||    45

Table legend: (Time is in decaauts)
 A = Elapsed time spent in this place.
 B = Non-inter-level travel time spent in this place.
 C = Inter-level travel time spent in this place.
 D = Time resting spent in this place.
 E = Time spent auto-exploring this place.
 F = Levels seen in this place.
 G = Mean time per level.
                   A        B        C        D        E       F      G
               +--------+--------+--------+--------+--------+-----+--------+
         Total |   1479 |   1394 |     85 |     98 |    886 |   3 |  493.0 |
       Dungeon |   1479 |   1394 |     85 |     98 |    886 |   3 |  493.0 |
               +--------+--------+--------+--------+--------+-----+--------+

Top non-repeatable levels by time:
     D:2: 877 daAuts
     D:1: 596 daAuts
     D:3: 5 daAuts
